 Dungeon Crawl Stone Soup version 0.28-a0-1234-g826d19b2e0 (webtiles) character file.

Game seed: 15562043638058335977

53 r3xj the Covered (level 3, -7/33 HPs)
             Began as a Minotaur Fighter on Dec 23, 2021.
             Mangled by Terence (10 damage)
             ... on level 2 of the Dungeon.
             The game lasted 00:03:24 (1978 turns).

r3xj the Covered (Minotaur Fighter)                 Turns: 1978, Time: 00:03:27

Health: -7/33      AC:  7    Str: 22    XL:     3   Next: 62%
Magic:  2/2        EV:  7    Int:  5    God:
Gold:   95         SH:  8    Dex:  9    Spells: 2/2 levels left

rFire   . . .      SeeInvis .   a - +0 flail
rCold   . . .      Faith    .   i - +0 kite shield
rNeg    . . .      Spirit   .   b - +0 scale mail
rPois   .          Reflect  .   (helmet restricted)
rElec   .          Harm     .   (no cloak)
rCorr   .          Rampage  .   (no gloves)
Will    .....                   (no boots)
Stlth   ..........              (no amulet)
HPRegen 0.11/turn               (no ring)
MPRegen 0.08/turn               (no ring)

@: lethally poisoned (-7 -> -21)
A: horns 2, retaliatory headbutt
a: no special abilities


You were on level 2 of the Dungeon.
You visited 1 branch of the dungeon, and saw 3 of its levels.

You collected 95 gold pieces.

Inventory:

Hand Weapons
 a - a +0 flail (weapon)
Armour
 b - a +0 scale mail (worn)
 c - a +0 buckler
 i - a +0 kite shield (worn)
Scrolls
 e - a scroll of teleportation {unknown}
 g - 2 scrolls of magic mapping {unknown}
 h - 2 scrolls of identify {unknown}
Potions
 d - a potion of might
 f - 4 potions of curing {unknown}
 j - a potion of lignification {unknown}
 k - a potion of mutation {unknown}


   Skills:
 + Level 4.2 Fighting
 + Level 3.3 Maces & Flails
 + Level 4.2 Armour
 + Level 4.1 Shields


You had 2 spell levels left.
You didn't know any spells.
Your spell library was empty.

Dungeon Overview and Level Annotations

Branches:
Dungeon (3/15)

Altars:

Annotations:
D:2 Terence
D:3 Robin


Innate Abilities, Weirdness & Mutations

You have a pair of horns on your head.
You reflexively headbutt those who attack you in melee.


Message History

You sock the goblin!
You kill the goblin!
Robin says, "Feeling lonely?"
The goblin hits you with a +0 club.
* * * LOW HITPOINT WARNING * * *
Terence shouts, "Now you die!"
Robin points. "Kill!"
Robin roars a battlecry!
You see here a +0 dagger.
The goblin no longer looks unusually strong.
The goblin no longer looks unusually strong.
The hobgoblin no longer looks unusually strong.
There is a stone staircase leading up here.
The goblin hits you with a +0 club.
* * * LOW HITPOINT WARNING * * *
You climb upwards.
There is a stone staircase leading down here.
You block the goblin's attack.
You see here 13 stones.
You sock the goblin!
You kill the goblin!
Things that are here:
a +0 club; a goblin corpse
There is a stone staircase leading down here.
You climb downwards.
Level annotation: Robin, Terence You block Terence's attack.
You block the goblin's attack.
There is a stone staircase leading up here.
Terence hits you with a +0 morningstar of venom.
The goblin hits you with a +0 dagger.
You climb upwards.
There is a stone staircase leading down here.
You block the goblin's attack.
You thump Terence! Your headbutt misses Terence.
Terence is heavily wounded.
Terence hits you with a +0 morningstar of venom!
* * * LOW HITPOINT WARNING * * *
You are lethally poisoned!
Terence hits you with a +0 morningstar of venom!
You die...

#.#.###.#.#.....
#.#<..#.#.#.#.#.
#.#.#.#.#.#.#.#.
#.#.#.#.#.#.#.#.
#.#.#.#.#.#.#.##
###.#.#...#.#.#.##
#.................
#.#...........#.##
#@###.#####.#.#.##
#@# #.# #.#.....
#g###.#####.#...##
#>.............(..
#.###.#####.#.#.##
##.###.# #.......
#....#.#########...
#....#.........####
#....#########.#


You could see Terence and a goblin.

Vanquished Creatures
  A gnoll (D:1)
  A worm (D:2)
  2 endoplasms
  3 giant cockroaches (D:1)
  A hobgoblin (D:1)
  5 jackals
  5 kobolds (D:1)
  A quokka (D:1)
  7 ball pythons
  A bat (D:1)
  3 frilled lizards
  6 goblins
  A rat (D:1)
37 creatures vanquished.

Notes
Turn   | Place    | Note
-------+----------+-------------------------------------------
     0 | D:1      | r3xj the Minotaur Fighter began the quest for the Orb.
     0 | D:1      | Reached XP level 1. HP: 19/19 MP: 0/0
   223 | D:1      | Noticed a floating eye
   237 | D:1      | Found a faded altar of an unknown god.
   238 | D:1      | Noticed an eye of devastation
   240 | D:1      | Noticed a golden eye
   240 | D:1      | Noticed a shining eye
   377 | D:1      | Reached XP level 2. HP: 25/27 MP: 1/1
   704 | D:1      | Reached XP level 3. HP: 27/33 MP: 2/2
  1841 | D:3      | Noticed Terence
  1842 | D:3      | Noticed Robin
  1978 | D:2      | Mangled by Terence

Illustrated notes

Levels and vault maps discovered:
D:1:      amcnicky_arrival_wind_blow, layout_basic,
          hellmonk_ecumenical_altar_watching_god
D:2:      layout_basic, serial_glass, glass_columns_b, glass_columns_a
D:3:      layout_loops_cross, minmay_misc_feat_diagonals, uniq_grinder,
          uniq_sigmund, uniq_natasha, uniq_terence, uniq_robin

Skill      XL: |  1  2 |
---------------+-------+-----
Shields        | 4 |  4.1
Armour         | 4 |  4.2
Fighting       | 4 |  4.2
Maces & Flails | 3 |  3.3

Action                   || total
-------------------------++-------
Melee: Flail             ||    83
       Headbutt          ||    11
Armor: Scale mail        ||    40
Dodge: Dodged            ||    35
Block: Buckler           ||    16
       Kite shield       ||    23

Table legend: (Time is in decaauts)
 A = Elapsed time spent in this place.
 B = Non-inter-level travel time spent in this place.
 C = Inter-level travel time spent in this place.
 D = Time resting spent in this place.
 E = Time spent auto-exploring this place.
 F = Levels seen in this place.
 G = Mean time per level.
                   A        B        C        D        E       F      G
               +--------+--------+--------+--------+--------+-----+--------+
         Total |   2006 |   1847 |    159 |      0 |   1540 |   3 |  668.7 |
       Dungeon |   2006 |   1847 |    159 |      0 |   1540 |   3 |  668.7 |
               +--------+--------+--------+--------+--------+-----+--------+

Top non-repeatable levels by time:
     D:1: 1051 daAuts
     D:2: 898 daAuts
     D:3: 56 daAuts
